 Dungeon Crawl Stone Soup version 0.30-a0-651-g0755cc6dcf (webtiles) character file.

Game seed: 2518341341349179103

32 CoinPitGoblin the Grave Robber (level 3, -7/19 HPs)
             Began as a Vampire Necromancer on Jan 16, 2023.
             Mangled by Terence
             ... wielding a +1 flail of protection
              (12 damage)
             ... on level 2 of the Dungeon.
             The game lasted 00:05:01 (1153 turns).

CoinPitGoblin the Grave Robber (VpNe)               Turns: 1153, Time: 00:05:02

Health: -7/19      AC:  3    Str:  7    XL:     3   Next: 8%
Magic:  0/6        EV: 12    Int: 17    God:
Gold:   36         SH:  0    Dex: 16    Spells: 1/6 levels left

rFire   . . .      SeeInvis +    c - +0 dagger
rCold   + + .      Faith    .    (no shield)
rNeg    + + +      Spirit   .    a - +0 robe
rPois   ∞          Reflect  .    (no helmet)
rElec   .          Harm     .    d - +0 cloak
rCorr   .          Rampage  .    (no gloves)
Will    .....                    (no boots)
Stlth   ++++                     (no amulet)
HPRegen 0.00/turn                (no ring)
MPRegen 0.10/turn                (no ring)

@: bloodless, inhibited regen
A: bloodless, fangs 3, see invisible, vampiric 2
a: Bat Form, Revivify


You were on level 2 of the Dungeon.
You visited 1 branch of the dungeon, and saw 2 of its levels.

You collected 36 gold pieces.

Inventory:

Hand Weapons
 c - a +0 dagger (weapon)
 e - a +0 arbalest
Armour
 a - a +0 robe (worn)
 d - a +0 cloak (worn)
Jewellery
 k - a ring of positive energy
Wands
 m - a wand of flame (14)
Scrolls
 h - a scroll of enchant weapon {unknown}
 i - a scroll of enchant armour {unknown}
 j - a scroll of identify {unknown}
Potions
 b - 2 potions of magic
 f - a potion of haste {unknown}
 g - 3 potions of ambrosia {unknown}
 l - 2 potions of degeneration {unknown}


   Skills:
 * Level 2.4 Dodging
 + Level 3.0 Stealth
 + Level 2.3 Spellcasting
 + Level 5.2 Necromancy


You had one spell level left.
You knew the following spells:

 Your Spells              Type           Power      Damage    Failure   Level
a - Vampiric Draining     Necr           19%        2d7       7%          3
q - Necrotise             Necr           76%        1d7       2%          1
w - Slow                  Hex            4%         N/A       19%         1

Your spell library contained the following spells:

 Spells                   Type           Power      Damage    Failure   Level
 Kiss of Death            Conj/Necr      40%        2d8       6%          1
 Shock                    Conj/Air       4%         1d3       19%         1
 Animate Dead             Necr           19%        N/A       22%         4
 Agony                    Necr           19%        N/A       52%         5


Dungeon Overview and Level Annotations

Branches:
Dungeon (2/15)

Altars:

Annotations:
D:2 Terence


Innate Abilities, Weirdness & Mutations

You do not regenerate when monsters are visible.
You are frail without blood (-20% HP).
You can heal yourself when you bite living creatures.
You are immune to poison.
You have razor-sharp teeth.
You have supernaturally acute eyesight. (SInv)
You are afflicted with vampirism and can become a bat while bloodless.


Message History

You shoot a bolt. The bolt barely misses the quokka.
You hear a shout!
You shoot a bolt. The bolt closely misses the quokka.
Terence the Incautious comes into view.
He is wielding a +1 flail of protection.
The quokka writhes in agony.
The quokka barely resists.
The quokka closely misses you.
The quokka writhes in agony!
You kill the quokka!
The dead are hopping!
You swap places.
Terence hits your quokka skeleton with a +1 flail of protection.
Your quokka skeleton bites Terence but does no damage.
Okay, then.
Terence hits your quokka skeleton with a +1 flail of protection!
Your quokka skeleton is destroyed!
You shoot a bolt.
The bolt hits Terence but does no damage.
Terence writhes in agony.
Terence closely misses you.
Terence writhes in agony.
Terence misses you.
Terence writhes in agony.
Terence closely misses you.
Terence writhes in agony.
Terence closely misses you.
You shoot a bolt. The bolt closely misses Terence.
Terence hits you with a +1 flail of protection. x2
You shoot a bolt. The bolt barely misses Terence.
Terence hits you but does no damage.
Terence hits you with a +1 flail of protection!
* * * LOW HITPOINT WARNING * * *
Okay, then.
Casting: Necrotise (safe; 2% risk of failure)
Confirm with . or Enter, or press ? or * to list all spells.
Okay, then.
c - a +0 dagger (weapon)
You hit Terence but do no damage.
Terence is heavily wounded.
Terence closely misses you.
You completely miss Terence.
Terence is heavily wounded.
Terence hits you with a +1 flail of protection!
Ouch! That really hurt!
You die...

.........
..
......###
.. ......#
##.
......#
#..
##>####
#.# ##.##
#.# #..#
#.# ##.#
#@# #.#
#@# #.###
#.#
#...###
#.#
###..)#
###.#
###.###
#...#
#.†.#
##.###
###.###..#
#.....#.##
#
#.....#)#


You could see Terence.

Vanquished Creatures
  A dart slug (D:2)
  2 endoplasms (D:1)
  5 goblins
  3 hobgoblins
  5 kobolds
  A quokka (D:2)
  5 ball pythons
  3 bats
  A rat (D:1)
26 creatures vanquished.

Vanquished Creatures (collateral kills)
  A hobgoblin (D:2)
1 creature vanquished.

Grand Total: 27 creatures vanquished

Notes
Turn   | Place    | Note
-------+----------+-------------------------------------------
     0 | D:1      | CoinPitGoblin the Vampire Necromancer began the quest for
                  | the Orb.
     0 | D:1      | Reached XP level 1. HP: 13/13 MP: 3/3
    81 | D:1      | Found a faded altar of an unknown god.
   247 | D:1      | Reached XP level 2. HP: 15/15 MP: 5/5
   632 | D:1      | Got Ylaxefup's Even Apprentices Can Use the Acroamatic
                  | Arts!
   710 | D:1      | Reached skill level 5 in Necromancy
  1075 | D:2      | Gained mutation: You are afflicted with vampirism and can
                  | become a bat while bloodless. [Vampire growth]
  1075 | D:2      | Reached XP level 3. HP: 19/19 MP: 3/6
  1079 | D:2      | Learned a level 3 spell: Vampiric Draining
  1081 | D:2      | Learned a level 1 spell: Slow
  1138 | D:2      | Noticed Terence
  1153 | D:2      | Mangled by Terence

Illustrated notes

Levels and vault maps discovered:
D:1:      minmay_arrival_radiant_lines, layout_basic,
          hellmonk_ecumenical_altar_heavens_door, minmay_misc_feat_columns,
          minivault_11
D:2:      layout_rooms, minmay_misc_feat_tower, uniq_terence, uniq_natasha

Skill      XL: |  1  2 |
---------------+-------+-----
Necromancy     | 5 |  5.2
Dodging        | |  2.4
Stealth        | |  3.0
Spellcasting   | |  2.3

Action                   || total
-------------------------++-------
Melee: Dagger            ||     2
 Fire: Arbalest          ||    23
 Cast: Necrotise         ||    23
 Abil: Exsanguinate      ||     1
Armor: Robe              ||     4
Dodge: Dodged            ||     7

Table legend: (Time is in decaauts)
 A = Elapsed time spent in this place.
 B = Non-inter-level travel time spent in this place.
 C = Inter-level travel time spent in this place.
 D = Time resting spent in this place.
 E = Time spent auto-exploring this place.
 F = Levels seen in this place.
 G = Mean time per level.
                   A        B        C        D        E       F      G
               +--------+--------+--------+--------+--------+-----+--------+
         Total |   1172 |   1128 |     44 |      0 |    944 |   2 |  586.0 |
       Dungeon |   1172 |   1128 |     44 |      0 |    944 |   2 |  586.0 |
               +--------+--------+--------+--------+--------+-----+--------+

Top non-repeatable levels by time:
     D:1: 946 daAuts
     D:2: 225 daAuts
